Map: Hardwire LE

Players

OigreS

  • Race: Terran Terran
  • League: Gold

MildCheddar - Winner!

  • Race: Protoss Protoss

VOD

Have the link to the VOD?

Description

Time

  • Played on: March 3, 2022, 4:40 p.m.
  • Length: 14:13
Show
View Real Time Build Order
Export as new Build Order

OigreS Terran 

Build Orders: 2 Factory, Mech 

Get SALT Encoding   

  12  0:00  SCV  
  13  0:13  SCV  
  14  0:18  Supply Depot  
  14  0:27  SCV  
  15  0:31  Refinery  
  15  0:41  Barracks  
  15  0:45  SCV  
  16  0:53  Supply Depot  
  16  0:57  SCV  
  17  1:04  Refinery  
  17  1:09  SCV  
  18  1:21  SCV  
  19  1:29  Marine  
  20  1:36  SCV  
  21  1:42  Factory  
  21  2:10  Command Center  
  21  2:25  Marine  
  22  2:30  Factory, Factory Tech Lab  
  22  2:41  Factory  
  22  2:45  SCV  
  23  3:11  Armory, SCV  
  24  3:18  Marine  
  25  3:20  Factory Reactor  
  25  3:23  Bunker  
  25  3:24  Widow Mine  
  27  3:28  Orbital Command  
  27  3:36  Factory Tech Lab  
  27  3:37  SCV  
  28  3:59  Siege Tank  
  28  4:00  Widow Mine x2  
  35  4:09  Orbital Command  
  35  4:15  Widow Mine  
  37  4:21  Widow Mine  
  39  4:28  Widow Mine  
  43  4:31  Widow Mine  
  43  4:32  SCV  
  43  4:37  Widow Mine  
  46  4:44  Supply Depot  
  46  5:05  SCV x2, Marine  
  46  5:06  Widow Mine x2  
  53  5:17  SCV  
  54  5:26  Supply Depot  
  54  5:47  Marine  
  54  5:48  Siege Tank, Widow Mine x2  
  54  5:49  Supply Depot, Refinery  
  62  5:50  Refinery  
  62  5:56  Starport  
  62  6:08  Terran Vehicle Weapons Level 1  
  62  6:10  Siege Tank, SCV  
  62  6:11  Widow Mine x2  
  70  6:12  Supply Depot  
  70  6:33  SCV, Widow Mine x3, Marine  
  70  6:35  Supply Depot  
  70  6:37  Starport Reactor  
  78  6:56  SCV x2  
  78  6:57  Widow Mine  
  78  6:59  Supply Depot  
  78  7:00  Widow Mine x2  
  86  7:21  SCV, Siege Tank, Widow Mine, Viking  
  86  7:22  Supply Depot  
  94  7:36  Widow Mine  
  94  7:37  Widow Mine  
  94  7:43  Widow Mine  
  70  7:53  Siege Tank  
  70  7:57  Widow Mine  
  63  7:59  Widow Mine  
  63  8:01  Liberator  
  63  8:04  Siege Tank  
  69  8:10  Liberator  
  69  8:12  SCV x2  
  74  8:19  Widow Mine  
  76  8:20  Widow Mine  
  78  8:28  Siege Tank  
  78  8:31  SCV  
  82  8:36  Widow Mine  
  82  8:40  Widow Mine  
  86  8:42  Widow Mine  
  88  8:54  Liberator  
  88  8:55  Liberator  
  92  8:58  Widow Mine  
  94  9:06  Widow Mine x3  
  100  9:19  Widow Mine  
  86  9:48  Siege Tank x2  
  86  9:49  Widow Mine x2  
  75  10:10  Widow Mine  
  75  10:11  Widow Mine  
  75  10:12  Liberator  
  82  10:17  Marine  
  82  10:18  SCV x2  
  82  10:20  Siege Tank x2  
  85  10:30  SCV x2  
  87  10:42  SCV x2  
  89  10:49  Liberator  
  89  10:54  SCV  
  89  10:55  Liberator  
  82  11:08  Marine  
  82  11:09  SCV x2  
  82  11:21  SCV  
  82  11:22  SCV  
  82  11:24  Siege Tank x2, Command Center  
  82  11:25  Widow Mine x2  
  85  11:35  Command Center  
  85  11:43  Command Center  
  85  11:46  Liberator, Widow Mine x2  
  91  11:56  Siege Tank  
  94  12:04  Siege Tank  
  94  12:07  Widow Mine  
  94  12:08  Widow Mine  
  100  12:10  Refinery  
  98  12:26  Liberator  
  102  12:30  Widow Mine x2  
  102  13:15  Liberator  
  102  13:16  Siege Tank, Widow Mine x3, SCV x2  
  104  13:25  Marine  
  93  13:28  SCV x2  
  91  13:37  Siege Tank, Widow Mine x2  
  91  13:40  SCV x2  
  78  13:43  Marine  
  78  13:48  Widow Mine  
  69  13:52  SCV  
Show
View Real Time Build Order
Export as new Build Order

MildCheddar Protoss - Winner!

Build Orders: 1 Gate Expand, Phoenix Opening 

Get SALT Encoding   

  12  0:00  Probe  
  13  0:12  Probe  
  14  0:18  Pylon  
  14  0:25  Probe  
  15  0:37  Probe (Chrono Boost)  
  15  0:38  Gateway  
  16  0:45  Assimilator  
  16  0:49  Probe (Chrono Boost)  
  17  0:55  Probe (Chrono Boost)  
  18  1:06  Probe  
  19  1:19  Probe  
  20  1:27  Nexus  
  20  1:35  Cybernetics Core  
  20  1:36  Probe  
  21  1:45  Assimilator  
  21  1:53  Probe  
  22  1:57  Pylon  
  22  2:06  Probe (Chrono Boost)  
  23  2:13  Stalker (Chrono Boost)  
  23  2:15  Warp Gate  
  25  2:18  Probe (Chrono Boost)  
  25  2:27  Probe (Chrono Boost)  
  26  2:33  Pylon, Probe (Chrono Boost)  
  26  2:36  Sentry  
  29  2:40  Probe (Chrono Boost)  
  30  2:49  Robotics Facility  
  30  2:50  Probe (Chrono Boost)  
  32  2:51  Probe (Chrono Boost)  
  32  2:54  Gateway  
  32  2:56  Probe (Chrono Boost)  
  32  2:57  Probe (Chrono Boost)  
  34  3:07  Probe (Chrono Boost)  
  34  3:09  Stalker  
  38  3:13  Probe (Chrono Boost)  
  38  3:19  Phoenix, Probe (Chrono Boost)  
  39  3:23  Probe (Chrono Boost)  
  39  3:24  Probe (Chrono Boost)  
  39  3:25  Pylon  
  41  3:33  Probe x2  
  43  3:37  Observer  
  44  3:45  Probe  
  44  3:46  Probe  
  46  3:57  Probe  
  46  3:58  Probe  
  46  4:00  Nexus  
  48  4:04  Pylon, Stalker  
  48  4:07  Pylon  
  51  4:10  Probe x2 (Chrono Boost)  
  51  4:11  Stalker  
  54  4:21  Immortal, Probe x2 (Chrono Boost)  
  60  4:26  Probe x2 (Chrono Boost)  
  62  4:36  Stalker, Probe x2  
  62  4:37  Assimilator  
  66  4:39  Assimilator, Stalker  
  66  4:45  Phoenix  
  68  4:50  Probe  
  68  4:51  Probe  
  70  4:52  Pylon  
  70  4:58  Pylon  
  70  5:02  Pylon, Probe  
  70  5:03  Probe  
  70  5:04  Stalker x2  
  76  5:14  Probe x2  
  76  5:15  Probe  
  79  5:22  Immortal  
  79  5:26  Probe x2  
  79  5:27  Twilight Council, Probe  
  86  5:32  Forge  
  86  5:36  Stalker  
  86  5:38  Probe  
  86  5:39  Probe x2  
  91  5:50  Probe  
  91  5:51  Probe x2  
  91  5:52  Forge  
  94  6:03  Probe x3  
  97  6:06  Nexus  
  97  6:08  Pylon  
  97  6:10  Immortal  
  97  6:11  Pylon  
  101  6:13  Protoss Ground Weapons Level 1 (Chrono Boost)  
  101  6:14  Protoss Ground Armor Level 1 (Chrono Boost)  
  101  6:15  Probe x2  
  101  6:16  Probe  
  104  6:22  Assimilator, Charge (Chrono Boost)  
  104  6:23  Zealot  
  104  6:24  Zealot  
  108  6:27  Assimilator, Probe x2  
  108  6:28  Probe  
  108  6:30  Phoenix  
  111  6:33  Robotics Bay  
  111  6:39  Probe x2  
  113  6:40  Probe  
  113  6:41  Gateway  
  113  6:43  Gateway  
  113  6:44  Gateway  
  114  6:47  Templar Archives  
  114  6:51  Probe x2  
  114  6:52  Probe  
  117  7:03  Zealot x2, Probe x2  
  117  7:04  Probe  
  128  7:16  Gateway x2  
  128  7:17  Gateway  
  124  7:24  Robotics Facility  
  88  7:47  Stalker  
  88  7:48  Stalker  
  92  7:54  Stalker x2  
  92  7:55  Stalker  
  98  8:02  Gateway  
  98  8:05  Gateway  
  95  8:07  Gateway  
  95  8:15  Gateway  
  95  8:16  Colossus (Chrono Boost)  
  95  8:17  Colossus (Chrono Boost), Zealot  
  95  8:18  Zealot x4, Gateway  
  117  8:21  Gateway  
  117  8:23  Zealot x3  
  117  8:26  Shield Battery, Robotics Facility  
  123  8:29  Photon Cannon  
  123  8:30  Photon Cannon  
  123  8:31  Shield Battery  
  123  8:34  Photon Cannon  
  123  8:38  Shield Battery  
  123  8:39  Photon Cannon  
  123  8:40  Photon Cannon  
  123  8:41  Photon Cannon  
  123  8:42  Photon Cannon  
  123  8:47  Probe x4  
  127  8:59  Probe x3  
  127  9:02  Zealot x2  
  130  9:03  Zealot x5  
  130  9:06  High Templar x2  
  146  9:29  Pylon  
  146  9:30  Probe x2  
  148  9:31  Pylon  
  148  9:33  Pylon  
  148  9:36  Colossus, Pylon  
  140  9:42  Probe x3  
  140  9:43  Probe  
  140  9:46  Zealot x4  
  133  9:54  Probe  
  133  9:57  Zealot x4  
  133  9:58  Zealot x3  
  136  10:01  Zealot  
  136  10:02  Zealot  
  126  10:12  Assimilator  
  124  10:14  Assimilator  
  124  10:18  Stalker  
  124  10:19  Stalker x4  
  124  10:20  Stalker  
  136  10:26  Observer  
  137  10:29  High Templar x6  
  137  10:30  Observer, High Templar x2  
  137  10:33  Archon x3  
  137  10:34  Archon  
  137  10:35  Probe x3  
  140  10:55  Probe x3  
  140  10:56  Probe  
  142  11:07  Probe x3  
  142  11:08  Probe  
  142  11:09  Shield Battery  
  142  11:11  Photon Cannon, Nexus  
  146  11:13  Pylon  
  146  11:14  Photon Cannon  
  146  11:16  Pylon  
  146  11:17  Photon Cannon  
  146  11:18  High Templar x5  
  146  11:19  Photon Cannon, High Templar x2  
  146  11:21  Zealot x2  
  156  11:28  Archon x2  
  156  11:44  Colossus x2  
  168  11:48  Zealot x7  
  182  12:00  Gateway  
  182  12:02  Gateway  
  182  12:05  Gateway  
  182  12:07  Shield Battery  
  182  12:09  Photon Cannon  
  182  12:12  Photon Cannon  
  182  12:14  Photon Cannon  
  180  12:17  Photon Cannon  
  180  12:21  Probe x2  
  182  12:24  Probe  
  182  12:25  Probe x2  
  183  12:33  Colossus, Probe  
  183  12:36  Stalker x3  
  196  12:38  High Templar  
  196  12:39  High Templar  
  196  12:40  Archon  
  196  12:44  Archon  
  200  12:59  Assimilator  
  200  13:01  Assimilator  
  200  13:14  Nexus  
  200  13:15  Pylon  
  200  13:18  Pylon  
  174  13:28  Zealot x5  
  174  13:29  Zealot x8  
Tags
 
Add a new tag
Caveats
  • Supply blocks, unpowered buildings, or Contaminate may cause inaccurate times.
  • Supply counts are checked every 10 seconds.